 Seeded DCSS version 0.30-a0-920-g7493c07aab (webtiles) character file.

Game seed: 3125986916090331667 (custom seed)

5210 Parcival the Fencer (level 10, -1/78 HPs)
             Began as a Minotaur Fighter on Mar 21, 2023.
             Was an Initiate of Nemelex Xobeh.
             Slain by a two-headed ogre
             ... wielding a +0 giant spiked club
              (15 damage)
             ... on level 9 of the Dungeon.
             The game lasted 00:17:54 (7057 turns).

Parcival the Fencer (Minotaur Fighter)              Turns: 7057, Time: 00:17:55

Health: -1/78      AC: 15    Str: 29    XL:     10   Next: 35%
Magic:  9/9        EV:  8    Int:  5    God:    Nemelex Xobeh [......]
Gold:   1226       SH:  0    Dex: 16    Spells: 9/9 levels left

rFire   . . .      SeeInvis .    c - +8 great sword of Cixaan {vamp, Dex+4}
rCold   . . .      Faith    .    (shield currently unavailable)
rNeg    . . .      Spirit   .    s - +1 chain mail of Supple Strength {Harm Str+3}
rPois   .          Reflect  .    (helmet restricted)
rElec   .          Rampage  .    q - +1 cloak
rCorr   .          Harm     + .  m - +0 pair of fencer's gloves {Riposte Dex+3}
Will    .....                    (no boots) Stlth
                                 (no amulet)
HPRegen 0.33/turn                (no ring)
MPRegen 0.11/turn                (no ring)

@: about to teleport
A: horns 2, retaliatory headbutt
a: Renounce Religion, Draw Escape, Draw Destruction, Draw Summoning


You were on level 9 of the Dungeon.
You worshipped Nemelex Xobeh.
Nemelex Xobeh was noncommittal.
You visited 2 branches of the dungeon, and saw 10 of its levels.

You collected 1226 gold pieces.

Inventory:

Hand Weapons
 a - a +2 war axe of flaming
 c - the +8 great sword of Cixaan (weapon) {vamp, Dex+4}
   (You acquired it on level 1 of the Dungeon)

   Dex:       It affects your dexterity (+4).
Armour
 b - a +0 scale mail
 m - the +0 pair of fencer's gloves (worn) {Riposte Dex+3}
   (You acquired it on level 2 of the Dungeon)

   Riposte:   It allows the wearer to riposte with melee weapons, swiftly
   retaliating against missed or blocked melee attacks.
   Dex:       It affects your dexterity (+3).
 p - a +0 plate armour
 q - a +1 cloak (worn)
 s - the +1 chain mail of Supple Strength (worn) {Harm Str+3}
   (You found it on level 3 of the Dungeon)

   Str:       It affects your strength (+3).
   Harm:      It increases damage dealt and taken.
Jewellery
 e - a ring of wizardry
 h - a +6 ring of strength
 i - an amulet of magic regeneration
 n - an amulet of reflection
 r - an amulet of guardian spirit
 D - a ring of magical power
Wands
 o - a wand of flame (16)
Scrolls
 f - 3 scrolls of teleportation
 w - a scroll of brand weapon
 B - a scroll of enchant weapon
 E - 2 scrolls of vulnerability
Potions
 d - a potion of might
 j - a potion of resistance
 k - 2 potions of lignification
 l - 3 potions of degeneration
 t - a potion of brilliance
 v - a potion of cancellation
 z - 2 potions of attraction
 A - a potion of ambrosia {unknown}
 F - 2 potions of haste {unknown}
Miscellaneous
 g - a condenser vane


   Skills:
 - Level 4.1 Fighting
 * Level 16.4 Long Blades
 - Level 2.8 Axes
 * Level 7.7 Armour
 - Level 3.8 Shields


You had 9 spell levels left.
You didn't know any spells.
Your spell library contained the following spells:

 Spells                   Type           Power      Damage    Failure   Level
 Sandblast                Erth           0%         2d4       94%         1
 Summon Small Mammal      Summ           0%         N/A       94%         1
 Ensorcelled Hibernation  Hex/Ice        0%         N/A       98%         2
 Passwall                 Tmut/Erth      0%         N/A       98%         2
 Sublimation of Blood     Necr           0%         N/A       98%         2
 Call Canine Familiar     Summ           0%         N/A       100%        3
 Inner Flame              Hex/Fire       0%         N/A       100%        3
 Portal Projectile        Hex/Tloc       0%         N/A       100%        3
 Stone Arrow              Conj/Erth      0%         3d7       100%        3
 Summon Guardian Golem    Hex/Summ       0%         N/A       100%        3
 Swiftness                Air            0%         N/A       100%        3
 Flame Wave               Conj/Fire      0%         2d4       100%        4
 Leda's Liquefaction      Hex/Erth       0%         N/A       100%        4
 Petrify                  Tmut/Erth      0%         N/A       100%        4
 Sticky Flame             Conj/Fire      0%         2d3       100%        4
 Irradiate                Conj/Tmut      0%         3d11      100%        5


Dungeon Overview and Level Annotations

Branches:
Dungeon (9/15)             Temple (1/1) D:5
   Lair: D:8-11         Orc: D:9-12

Altars:
Ashenzari
Cheibriados
Dithmenos
Elyvilon
Fedhas
Gozag
Hepliaklqana
Kikubaaqudgha
Makhleb
Nemelex Xobeh
Okawaru
Qazlal
Ru
Sif Muna
Trog
Uskayaw
Vehumet
Wu Jian
Xom
Yredelemnul
Zin
The Shining One

Shops:
D:3 :   D:5 (**?   D:7 :


Innate Abilities, Weirdness & Mutations

You have a pair of horns on your head.
You reflexively headbutt those who attack you in melee.


Message History

The gnoll sergeant hits you but does no damage.
The gnoll hits you but does no damage.
You see here a +0 flail.
You slash the gnoll sergeant!
Your headbutt misses the gnoll sergeant.
The gnoll sergeant is severely wounded.
The two-headed ogre closely misses you.
You riposte.
You hit the two-headed ogre.
You feel better.
You headbutt the two-headed ogre.
The two-headed ogre is lightly wounded.
The two-headed ogre hits you with a +0 dire flail!!
* * * LOW HITPOINT WARNING * * *
As you read the scroll of teleportation, it crumbles to dust.
You feel strangely unstable. The gnoll misses you.
You riposte.
You slash the gnoll! Your headbutt misses the gnoll.
The gnoll is severely wounded.
The gnoll hits you but does no damage. x2
The gnoll sergeant hits you with a +0 trident.
* * * LOW HITPOINT WARNING * * *
You completely miss the gnoll.
The two-headed ogre completely misses you.
You furiously retaliate!
You headbutt the two-headed ogre.
The two-headed ogre hits you with a +0 dire flail.
* * * LOW HITPOINT WARNING * * *
The gnoll closely misses you. The gnoll hits you with a +0 flail.
* * * LOW HITPOINT WARNING * * *
The gnoll closely misses you. You furiously retaliate!
You headbutt the gnoll.
You riposte.
You hit the gnoll.
You feel better.
The gnoll is almost dead.
The gnoll sergeant barely misses you.
You feel better. The gnoll hits you but does no damage.
The gnoll hits you with a +1 whip of freezing.
* * * LOW HITPOINT WARNING * * *
The gnoll freezes you.
* * * LOW HITPOINT WARNING * * *
The gnoll barely misses you. You furiously retaliate!
You headbutt the gnoll!
You kill the gnoll!
The gnoll sergeant completely misses you.
The two-headed ogre hits you with a +0 giant spiked club!
You die...
Your body disappears without a glow.

#######'## .........#
.........#
.........######+########
.........##......<......
..........#.............
..........#.............
..........#....)g.......
#########......g@g......
###.....O.......
##############


You could see a two-headed ogre, a gnoll sergeant and 2 gnolls.

Vanquished Creatures
  An ogre mage (D:8)
  A troll (D:6)
  A wraith (D:7)
  A wyvern (D:7)
  2 steam dragons (D:7)
  4 water moccasins
  4 orc warriors
  2 ice beasts
  An ogre (D:5)
  A sky beast (D:6)
  3 black bears
  3 centaurs
  3 kobold brigands
  3 bullfrogs
  6 scorpions
  5 wights (D:8)
  5 killer bees (D:8)
  A hound (D:6)
  5 jellies
  5 orc priests
  Crazy Yiuf (D:7)
  4 iguanas
  A sleepcap (D:4)
  Natasha (thrice) (D:2)
  8 orc wizards
  4 gnolls
  7 adders
  3 white imps (D:6)
  A worm (D:2)
  2 dart slugs
  31 orcs
  7 endoplasms
  2 giant cockroaches
  5 hobgoblins
  4 jackals (D:4)
  18 kobolds
  4 quokkas
  8 ball pythons
  4 bats
  2 frilled lizards
  9 goblins
  4 rats
189 creatures vanquished.

Vanquished Creatures (others)
  2 orc wizards (D:8)
  An orc (D:8)
3 creatures vanquished.

Grand Total: 192 creatures vanquished

Notes
Turn   | Place    | Note
-------+----------+-------------------------------------------
     0 | D:1      | Parcival the Minotaur Fighter began the quest for the Orb.
     0 | D:1      | Reached XP level 1. HP: 19/19 MP: 0/0
    43 | D:1      | Identified a scroll of acquirement
    43 | D:1      | Acquired the +8 great sword of Cixaan {vamp, Dex+4}
   156 | D:1      | Reached XP level 2. HP: 27/27 MP: 1/1
   554 | D:1      | Reached skill level 1 in Long Blades
   634 | D:1      | Reached XP level 3. HP: 33/33 MP: 2/2
   772 | D:2      | Reached skill level 2 in Long Blades
  1000 | D:2      | Noticed Natasha
  1008 | D:2      | Killed Natasha
  1009 | D:2      | Reached skill level 3 in Long Blades
  1009 | D:2      | Reached XP level 4. HP: 22/40 MP: 3/3
  1235 | D:2      | Noticed Natasha
  1241 | D:2      | Killed Natasha
  1242 | D:2      | Reached skill level 4 in Long Blades
  1293 | D:2      | Noticed Natasha
  1299 | D:2      | Killed Natasha
  1339 | D:2      | Reached XP level 5. HP: 46/46 MP: 4/4
  1449 | D:2      | Acquired the +0 pair of fencer's gloves {Riposte Dex+3}
  1449 | D:2      | Found the +0 pair of fencer's gloves {Riposte Dex+3}
  1549 | D:3      | Found an iron altar of Okawaru.
  1623 | D:3      | Found Digoh's Book Boutique.
  1741 | D:3      | Identified the +1 chain mail of Supple Strength {Harm
                  | Str+3}
  2261 | D:4      | Noticed a water moccasin
  2266 | D:4      | Killed a water moccasin
  2267 | D:4      | Reached skill level 6 in Long Blades
  2268 | D:4      | Reached XP level 6. HP: 51/52 MP: 5/5
  2270 | D:4      | Found a hazy altar of Hepliaklqana.
  2472 | D:4      | Reached skill level 7 in Long Blades
  2543 | D:4      | Acquired 815 gold pieces
  2587 | D:4      | Reached skill level 8 in Long Blades
  2588 | D:4      | Reached XP level 7. HP: 20/59 MP: 6/6
  2892 | D:5      | Entered Level 5 of the Dungeon
  2907 | D:5      | Reached skill level 9 in Long Blades
  2939 | D:5      | Found Tuexan's Magic Scroll Boutique.
  2939 | D:5      | Found Keelodoj's General Store.
  2940 | D:5      | Found Kuxiet's Assorted Antiques.
  2940 | D:5      | Found Istewn's Weapon Boutique.
  2947 | D:5      | Reached skill level 10 in Long Blades
  3014 | D:5      | Reached XP level 8. HP: 66/66 MP: 7/7
  3078 | D:5      | Reached skill level 11 in Long Blades
  3142 | D:5      | Found a staircase to the Ecumenical Temple.
  3300 | Temple   | Entered the Ecumenical Temple
  3417 | D:6      | Reached skill level 12 in Long Blades
  3708 | D:6      | Noticed a troll
  3713 | D:6      | Killed a troll
  3714 | D:6      | Reached skill level 13 in Long Blades
  3714 | D:6      | Reached skill level 5 in Armour
  3714 | D:6      | Reached XP level 9. HP: 43/71 MP: 8/8
  4004 | D:6      | Found an ornate altar of the Wu Jian Council.
  4215 | D:7      | Reached skill level 14 in Long Blades
  4705 | D:7      | You fall into a shaft and drop 2 floors!
  4844 | D:8      | Found a transporter.
  4848 | D:8      | Noticed an ogre mage
  4883 | D:8      | Reached skill level 15 in Long Blades
  5113 | D:7      | Found a runed translucent door.
  5114 | D:7      | Noticed Crazy Yiuf
  5209 | D:7      | Reached XP level 10. HP: 47/78 MP: 9/9
  5400 | D:7      | Found Jauttyss's Tremendous Tomes.
  5664 | D:7      | Killed Crazy Yiuf
  5894 | D:8      | Found a sparkling altar of Nemelex Xobeh.
  5984 | D:8      | Became a worshipper of Nemelex Xobeh the Trickster
  6192 | D:8      | Found a large runed translucent door.
  6193 | D:8      | Found a large runed translucent door.
  6268 | D:8      | Found a glowing golden altar of the Shining One.
  6386 | D:8      | Found a shadowy altar of Dithmenos.
  6396 | D:8      | Found a shimmering altar of Xom.
  6448 | D:8      | Found a transporter.
  6487 | D:8      | Killed an ogre mage
  6488 | D:8      | Reached skill level 16 in Long Blades
  7048 | D:9      | Noticed a two-headed ogre
  7057 | D:9      | Slain by a two-headed ogre

Illustrated notes

Levels and vault maps discovered:
D:1:      amcnicky_arrival_single_pillar, layout_loops_cross,
          hangedman_glass_garden
D:2:      layout_loops_ring, dk_vineyard_1, uniq_natasha
D:3:      layout_basic, mainiacjoe_overflow_catwalk, serial_forest,
          infiniplex_forest_zigzag_1, infiniplex_forest_split,
          infiniplex_forest_end_double, infiniplex_forest_lined_room_,
          infiniplex_forest_corner_1, infiniplex_forest_lined_room_2,
          serial_shops, nicolae_shop_hallway_stairs
D:4:      layout_basic, old_standard_altar
D:5:      layout_rooms, minmay_temple_entry_drinking_statues,
          minmay_shop_grid_forest
D:6:      layout_rooms, lemuel_tele_altar, minmay_microvault
D:7:      layout_basic, minmay_misc_feat_hallway, nicolae_shop_i_like_big_books,
          chequers_serial_rivers_large_a, uniq_crazy_yiuf_cottage
D:8:      gammafunk_beogh_shrine, layout_basic,
          mainiacjoe_overflow_six_doors_small, jmf_multi_god_temple2,
          kennysheep_little_box, serial_curves, eino_curves_01, eino_curves_02
D:9:      layout_roguey, orc_0_dummy
Temple:   hellmonk_temple_of_storms

Skill      XL: |  1  2  3  4  5  6  7  8  9 10 |
---------------+-------------------------------+-----
Fighting       | 4 |  4.1
Long Blades    | 1 3 4 6 8 10 13 15 16 | 16.4
Armour         | 4 5 6 7 |  7.7
Axes           | |  2.8
Shields        | |  3.8

Action                     |  1- 3 |  4- 6 |  7- 9 | 10-12 || total
---------------------------+-------+-------+-------+-------++-------
  Melee: War axe           |     6 |       |       |       ||     6
         Great sword       |    39 |    56 |   128 |    40 ||   263
         Headbutt          |     5 |     2 |    19 |     9 ||    35
    Use: Scroll            |     3 |    11 |     5 |     6 ||    25
         Potion            |       |       |     2 |     3 ||     5
 Armour: Scale mail        |    24 |    16 |       |       ||    40
         Chain mail        |       |    54 |   171 |    35 ||   260
  Dodge: Dodged            |    33 |    47 |    81 |    31 ||   192
Riposte: Great sword       |       |    10 |    20 |     9 ||    39

Table legend: (Time is in decaauts)
 A = Elapsed time spent in this place.
 B = Non-inter-level travel time spent in this place.
 C = Inter-level travel time spent in this place.
 D = Time resting spent in this place.
 E = Time spent auto-exploring this place.
 F = Levels seen in this place.
 G = Mean time per level.
                   A        B        C        D        E       F      G
               +--------+--------+--------+--------+--------+-----+--------+
         Total |   7137 |   6808 |    329 |    422 |   4939 |  10 |  713.7 |
       Dungeon |   7054 |   6725 |    329 |    422 |   4917 |   9 |  783.8 |
        Temple |     82 |     82 |      0 |      0 |     22 |   1 |   82.0 |
               +--------+--------+--------+--------+--------+-----+--------+

Top non-repeatable levels by time:
     D:8: 1503 daAuts
     D:7: 1294 daAuts
     D:2: 884 daAuts
     D:4: 765 daAuts
     D:6: 756 daAuts
     D:1: 679 daAuts
     D:3: 616 daAuts
     D:5: 436 daAuts
     D:9: 118 daAuts
  Temple: 82 daAuts
